 Dungeon Crawl Stone Soup version 0.27.0-1-g7a089689b8 (webtiles) character file.

Game seed: 7494156093973293961

109462 dtburroughs the Fighter (level 16, -19/147 HPs)
             Began as a Minotaur Berserker on Aug 1, 2021.
             Was the Champion of Trog.
             Demolished by a tyrant leech (40 damage)
             ... called by a spriggan druid
             ... on level 2 of the Swamp.
             The game lasted 01:30:17 (28966 turns).

dtburroughs the Fighter (Minotaur Berserker)       Turns: 28966, Time: 01:30:18

Health: -19/147    AC: 18    Str: 30      XL:     16   Next: 4%
Magic:  15/15      EV: 12    Int:  9      God:    Trog [******]
Gold:   1374       SH: 23    Dex: 11 (12) Spells: 15/15 levels left

rFire    + . .     SeeInvis .   p - +6 war axe of Omier {flame, +Rage rF+ Str+2 Stlth+}
rCold    + . .     Faith    .   F - +4 kite shield
rNeg     . . .     Spirit   .   m - +0 plate armour {rPois}
rPois    +         Reflect  +   (helmet restricted)
rElec    +         Harm     .   w - +0 cloak
rCorr    +         Rampage  .   G - +0 pair of gloves of Supple Strength {rElec rCorr Str+4 Int+2}
Will     +....                  P - +2 pair of boots {Fly}
Stlth    ..........             a - amulet of reflection
HPRegen  0.34/turn              E - +4 ring of protection
MPRegen  0.14/turn              A - ring of protection from cold

@: corroded, flying
A: horns 2, retaliatory headbutt, deformed body, deterioration 1
a: Renounce Religion, Evoke Berserk Rage, Berserk, Trog's Hand, Brothers in Arms


You were on level 2 of the Swamp.
You worshipped Trog.
Trog was exalted by your worship.
You visited 4 branches of the dungeon, and saw 25 of its levels.
You also visited: Gauntlet.

You collected 2433 gold pieces.
You spent 1059 gold pieces at shops.

Inventory:

Hand Weapons
 l - a +2 vorpal war axe
 p - the +6 war axe of Omier (weapon) {flame, +Rage rF+ Str+2 Stlth+}
   (Trog gifted it to you on level 14 of the Dungeon)

   It burns those it strikes, dealing additional fire damage.
   Big, fiery blades are also staple armaments of hydra-hunters.
   Str:       It affects your strength (+2).
   rF:        It protects you from fire.
   +Rage:     It lets you go berserk.
   Stlth:     It makes you more stealthy.
 L - a +4 antimagic war axe
Armour
 m - a +0 plate armour of poison resistance (worn)
 w - a +0 cloak (worn)
 F - a +4 kite shield (worn)
 G - the +0 pair of gloves of Supple Strength (worn) {rElec rCorr Str+4 Int+2}
   (You found it on level 7 of the Dungeon)

   Str:       It affects your strength (+4).
   Int:       It affects your intelligence (+2).
   rElec:     It insulates you from electricity.
   rCorr:     It protects you from acid and corrosion.
 P - a +2 pair of boots of flying (worn)
Jewellery
 a - an amulet of reflection (around neck)
 c - the amulet "Uwkorgh" {Regen+ Dex+2}
   (You found it on level 5 of the Dungeon)

   [amulet of regeneration]

   Dex:       It affects your dexterity (+2).
   Regen:     It increases your rate of health regeneration.
 s - a ring of protection from fire
 y - a ring of resist corrosion
 A - a ring of protection from cold (right hand)
 E - a +4 ring of protection (left hand)
Wands
 u - a wand of polymorph (23)
 x - a wand of iceblast (18)
 C - a wand of charming (7)
 M - a wand of digging (16)
 O - a wand of flame (55)
 S - a wand of paralysis (25)
 Y - a wand of acid (4)
Scrolls
 d - 7 scrolls of teleportation
 e - 2 scrolls of blinking {unknown}
 g - 4 scrolls of holy word
 j - 3 scrolls of identify
 n - a scroll of enchant armour
 z - 2 scrolls of enchant weapon {unknown}
 H - 2 scrolls of magic mapping {unknown}
 V - 3 scrolls of immolation
 X - 2 scrolls of acquirement {unknown}
 Z - 3 scrolls of fear {unknown}
Potions
 b - 5 potions of ambrosia
 f - 2 potions of magic {unknown}
 h - 4 potions of might
 i - 9 potions of haste
 k - 16 potions of curing
 o - 3 potions of cancellation
 q - 7 potions of heal wounds
 r - 3 potions of degeneration {unknown}
 v - 7 potions of lignification
 B - 3 potions of resistance
 R - 3 potions of flight {unknown}
Miscellaneous
 T - a tin of tremorstones (2/2)
 W - a piece from Xom's chessboard (15/15)


   Skills:
 + Level 14.7 Fighting
 + Level 14.7 Axes
 + Level 14.6 Armour
 + Level 13.5 Dodging
 + Level 12.9 Shields
 + Level 10.4 Evocations


You had 15 spell levels left.
You didn't know any spells.
Your spell library was empty.

Dungeon Overview and Level Annotations

Branches:
Dungeon (15/15)            Temple (0/1) D:6            Lair (6/6) D:10
  Swamp (2/4) Lair:2        Snake (0/4) Lair:2        Slime (0/5) Lair:5
    Orc (2/2) D:9             Elf (0/3) Orc:2        Vaults (0/5) D:13
 Depths (0/5) D:15        Gauntlet (visited)

Altars:
Ashenzari
Cheibriados
Fedhas
Gozag
Hepliaklqana
Makhleb
Qazlal
Ru
Trog
Uskayaw
Wu Jian
Yredelemnul
Zin
The Shining One
Jiyva

Shops:
D:4 :   D:8 (   D:11 (*(*(!   Orc:2 [*[!

Portals:
Trove: D:13 (give broad axe of Frustration)

Annotations:
D:9 3 runed translucent doors, iguanaiguana's ghost, novice MiBe
D:12 3 runed translucent doors
D:14 exclusion: 2 ice statues


Innate Abilities, Weirdness & Mutations

You have a pair of horns on your head.
You reflexively headbutt those who attack you in melee.
Armour fits poorly on your strangely shaped body.
Your body sometimes deteriorates upon taking damage.


Message History

You miss the spriggan druid.
Your headbutt misses the spriggan druid.
The spriggan druid is severely wounded.
You slash the tyrant leech! You burn the tyrant leech.
You block the spriggan druid's attack.
You slice the spriggan druid!! You burn the spriggan druid.
With its final breath, the spriggan druid offers up its power to the beasts of the wild!
The tyrant leech is healed.
The tyrant leech seems to grow more fierce. x2
The goliath frog seems to grow more fierce.
You kill the spriggan druid!
Trog accepts your kill.
Trog appreciates your killing of a magic user.
You miss the tyrant leech. You block the tyrant leech's attack.
You block the goliath frog's attack. The goliath frog hits you!!
You are splashed with acid.
You resist. You block the tyrant leech's attack.
Things that are here:
a +0 quarterstaff; a +0 robe; a spriggan corpse You barely miss the goliath frog.
Your headbutt misses the goliath frog. You miss the tyrant leech.
You block the goliath frog's attack.
You slash the goliath frog! You burn the goliath frog.
Your headbutt misses the goliath frog.
The goliath frog is moderately wounded.
You hit the tyrant leech. You burn the tyrant leech.
The tyrant leech bites you!!
The tyrant leech draws strength from your injuries!
You block the goliath frog's attack.
You slash the goliath frog! You burn the goliath frog.
Your headbutt misses the goliath frog.
The goliath frog is severely wounded.
You miss the tyrant leech. You hit the tyrant leech. You burn the tyrant leech.
The goliath frog hits you!! The acid corrodes you!
You are splashed with acid.
You resist.
* * * LOW HITPOINT WARNING * * *
The tyrant leech bites you!!
* * * LOW HITPOINT WARNING * * *
The tyrant leech draws strength from your injuries!
The tyrant leech bites you!!!
You die...

≈≈♣♣≈..♣...♣≈.≈≈. .♣
.(♣...♣♣♣...≈≈..♣≈ .♣
♣..)..♣ ♣♣♣♣♣≈≈♣.≈ ♣♣.
♣≈≈≈.♣♣ ♣≈§♣.♣ ♣.♣ ♣♣...♣
♣≈≈≈.♣♣♣.♣ ≈.≈≈♣♣
♣.≈......♣ ≈≈...♣
♣...♣.≈..♣ ≈.≈≈≈♣
♣♣≈§.F≈≈.♣♣ ..≈..♣♣
♣..♣w@w♣.♣♣ ......♣
♣.....≈≈<.♣♣♣ ♣♣..≈≈♣♣
♣♣.....≈≈≈....≈.≈
♣♣♣...♣♣♣♣...≈.♣♣♣§.≈≈♣≈.§
♣♣♣......♣♣≈♣♣ ♣..≈♣...♣
♣♣..♣♣♣♣♣♣♣ ♣♣>...♣♣ ♣♣.♣♣
♣..♣♣ ♣.♣♣ ♣.♣ ♣♣♣ .♣


You could see 2 tyrant leeches and a goliath frog (strong).

Vanquished Creatures
  An orc warlord (Orc:2)
  Louise (Swamp:1)
  2 eleionomae
  Josephine (D:11)
  Snorg (Orc:1)
  Fannar (D:11)
  9 hydras
  2 rakshasas
  2 boulder beetles
  4 catoblepae
  6 centaur warriors
  A death knight (D:15)
  13 death yaks
  6 two-headed ogres
  An alligator (Swamp:1)
  A deep elf knight (D:13)
  4 orc high priests (Orc:2)
  Nergalle (Lair:1)
  A skeletal warrior (D:13)
  A goliath frog (Swamp:1)
  2 spriggan druids (Swamp:2)
  2 bog bodies
  A swamp dragon (Swamp:1)
  A deep elf zephyrmancer (D:13)
  A necromancer (D:15)
  A wizard (D:15)
  2 orc knights
  3 oklob plants (Lair:3)
  3 deep elf pyromancers
  2 orc sorcerers
  6 ugly things
  6 cyclopes
  5 manticores
  9 black mambas
  Joseph (D:7)
  A naga mage (D:15)
  8 gargoyles
  An eye of devastation (Gauntlet)
  A torpor snail (Lair:2)
  3 rime drakes
  11 cane toads
  11 komodo dragons
  Maggie (D:6)
  2 freezing wraiths (D:14)
  A yaktaur (shapeshifter) (D:13)
  2 yaktaurs (D:13)
  A troll (shapeshifter) (D:15)
  7 trolls
  3 bloated husks (Swamp:1)
  A tyrant leech (Swamp:1)
  4 polar bears
  3 hornets (Swamp:1)
  24 blink frogs
  A harpy skeleton (D:13)
  9 slime creatures
  6 dream sheep (Lair:4)
  2 meliai zombies
  A centaur simulacrum (D:15)
  2 shadows (D:12)
  3 spriggans (Swamp:1)
  10 wraiths
  2 vampires
  3 wyverns
  50 yaks
  Eustachio (D:4)
  A golden eye (Gauntlet)
  A steam dragon (D:8)
  7 basilisks
  6 vampire mosquitoes
  7 swamp worms
  4 wargs
  4 acid dragons
  15 water moccasins
  4 black bears
  28 orc warriors
  A sky beast (D:6)
  3 ice beasts
  13 ogres
  16 wolves
  A boggart (D:13)
  2 phantoms
  15 centaurs
  10 bullfrogs
  3 kobold brigands (D:13)
  A wyvern zombie (D:9)
  2 gnoll sergeants
  A wyvern skeleton (D:7)
  A scorpion (D:4)
  A water moccasin zombie (D:6)
  A water moccasin skeleton (D:7)
  3 electric eels
  7 howler monkeys
  2 bullfrog zombies
  5 centaur zombies
  5 hounds
  A jelly (D:7)
  A bullfrog skeleton (D:5)
  32 orc priests
  Crazy Yiuf (D:4)
  29 orc wizards
  6 centaur skeletons
  Ijyb (D:4)
  2 iguanas
  15 hell rats
  Robin (D:4)
  16 gnolls
  A howler monkey zombie (D:9)
  A howler monkey skeleton (D:7)
  8 adders
  8 river rats (Lair:3)
  A white imp (D:6)
  An ufetubus (D:6)
  3 dart slugs (D:2)
  2 worms
  70 orcs
  6 bats
  3 endoplasms
  6 giant cockroaches
  21 goblins
  14 hobgoblins
  6 jackals
  8 quokkas
  5 ball pythons
  3 frilled lizards
  15 kobolds
  17 rats
753 creatures vanquished.

Vanquished Creatures (collateral kills)
  A minotaur (Gauntlet)
  An orc sorcerer (Orc:2)
  An apocalypse crab (Gauntlet)
  2 orc warriors (Orc:2)
  2 orc priests (Orc:2)
  An orc (Orc:2)
8 creatures vanquished.

Vanquished Creatures (others)
  A wizard (D:7)
  An orc priest (Orc:1)
  26 fungi
  28 plants
56 creatures vanquished.

Grand Total: 817 creatures vanquished

Notes
Turn   | Place    | Note
-------+----------+-------------------------------------------
     0 | D:1      | dtburroughs the Minotaur Berserker began the quest for the
                  | Orb.
     0 | D:1      | Reached XP level 1. HP: 19/19 MP: 0/0
    77 | D:1      | Found a faded altar of an unknown god.
   102 | D:1      | Reached XP level 2. HP: 25/27 MP: 1/1
   246 | D:1      | You fall into a shaft and drop 1 floor!
   515 | D:1      | Reached ** piety under Trog
   584 | D:1      | Reached XP level 3. HP: 33/33 MP: 2/2
  1569 | D:2      | Reached XP level 4. HP: 39/41 MP: 3/3
  2088 | D:3      | Reached XP level 5. HP: 47/47 MP: 4/4
  2254 | D:4      | Noticed Eustachio
  2254 | D:4      | Noticed Ijyb
  2277 | D:4      | Noticed an ogre
  2298 | D:4      | Killed an ogre
  2299 | D:4      | Reached skill level 5 in Fighting
  2299 | D:4      | Reached skill level 5 in Axes
  2448 | D:4      | Noticed Robin
  2468 | D:4      | Killed Robin
  2484 | D:4      | Reached XP level 6. HP: 16/56 MP: 5/5
  2870 | D:4      | Reached *** piety under Trog
  3212 | D:4      | Killed Ijyb
  3350 | D:4      | Found Bariev's Self-Improvement Boutique.
  3793 | D:4      | Killed Eustachio
  3794 | D:4      | Reached skill level 5 in Armour
  3794 | D:4      | Reached XP level 7. HP: 62/62 MP: 6/6
  3902 | D:4      | Found a runed translucent door.
  3903 | D:4      | Noticed Crazy Yiuf
  4052 | D:4      | Killed Crazy Yiuf
  4185 | D:5      | Entered Level 5 of the Dungeon
  4291 | D:4      | Reached skill level 5 in Dodging
  4684 | D:5      | Reached XP level 8. HP: 68/71 MP: 7/7
  4685 | D:5      | Identified the amulet "Uwkorgh" {Regen+ Dex+2}
  5130 | D:5      | Found a hide-covered altar of Uskayaw.
  5329 | D:6      | Reached skill level 1 in Evocations
  5361 | D:6      | Found a staircase to the Ecumenical Temple.
  5366 | D:6      | Noticed Maggie
  5375 | D:6      | Killed Maggie
  5376 | D:6      | Reached XP level 9. HP: 76/81 MP: 8/8
  5653 | D:6      | Reached **** piety under Trog
  5736 | D:6      | Found a basalt altar of Yredelemnul.
  6157 | D:7      | Reached skill level 1 in Shields
  6176 | D:7      | Found a bloodstained altar of Trog.
  6177 | D:7      | Noticed a wizard
  6183 | D:7      | Killed a wizard
  6230 | D:7      | Noticed Joseph
  6250 | D:7      | Killed Joseph
  6291 | D:7      | Noticed a gargoyle
  6299 | D:7      | Killed a gargoyle
  6334 | D:7      | Noticed a gargoyle
  6345 | D:7      | Killed a gargoyle
  6384 | D:7      | Noticed a gargoyle
  6392 | D:7      | Killed a gargoyle
  6418 | D:7      | Noticed a gargoyle
  6430 | D:7      | Killed a gargoyle
  6431 | D:7      | Reached XP level 10. HP: 50/91 MP: 9/9
  6476 | D:7      | Noticed a gargoyle
  6487 | D:7      | Killed a gargoyle
  6517 | D:7      | Noticed a gargoyle
  6526 | D:7      | Killed a gargoyle
  7279 | D:7      | Identified the +0 pair of gloves of Supple Strength {rElec
                  | rCorr Str+4 Int+2}
  7568 | D:8      | Found Alloba Etuj's Weapon Shop.
  7741 | D:8      | Noticed an eight-headed hydra
  7759 | D:7      | Killed a nine-headed hydra
  7830 | D:8      | Found a hazy altar of Hepliaklqana.
  7833 | D:8      | Found a glowing golden altar of the Shining One.
  7840 | D:8      | Noticed a two-headed ogre
  7847 | D:8      | Killed a two-headed ogre
  7848 | D:8      | Reached skill level 5 in Shields
  8044 | D:8      | Found a stormy altar of Qazlal.
  8104 | D:8      | Found a blossoming altar of Fedhas.
  8120 | D:8      | Found an opulent altar of Gozag.
  8310 | D:9      | Found a runed translucent gate.
  8310 | D:9      | Found a runed translucent gate.
  8310 | D:9      | Found a runed translucent gate.
  8310 | D:9      | Noticed iguanaiguana's ghost (novice MiBe)
  8312 | D:9      | Noticed a fire dragon
  8346 | D:9      | Found a staircase to the Orcish Mines.
  8681 | D:9      | Reached XP level 11. HP: 81/98 MP: 10/10
  8767 | D:9      | Noticed a deep elf pyromancer
  8773 | D:9      | Killed a deep elf pyromancer
  8774 | D:9      | Reached skill level 10 in Fighting
  8774 | D:9      | Reached skill level 10 in Axes
  9018 | D:9      | Found an ornate altar of the Wu Jian Council.
  9018 | D:9      | Found a sacrificial altar of Ru.
  9153 | D:9      | Found a snail-covered altar of Cheibriados.
  9162 | D:9      | Found a glowing silver altar of Zin.
  9506 | D:10     | Entered Level 10 of the Dungeon
  9516 | D:10     | Reached skill level 5 in Evocations
  9562 | D:9      | Reached ***** piety under Trog
  9602 | D:10     | Found a staircase to the Lair.
  9641 | D:10     | Identified the +7 falchion of Calamity {vorpal, rElec rPois
                  | rN+ Str-5} (Trog gifted it to you on level 10 of the
                  | Dungeon)
  9641 | D:10     | Received a gift from Trog
  9771 | D:10     | Reached skill level 10 in Armour
  9906 | D:10     | Found a burning altar of Makhleb.
 10591 | D:11     | Found Xounade's Distillery.
 10634 | D:11     | Noticed Fannar
 10693 | D:11     | Killed Fannar
 10723 | D:11     | Found a gate leading to a gauntlet.
 10732 | Gauntlet | Entered a Gauntlet
 10732 | Gauntlet | Found a transporter.
 10735 | Gauntlet | Found a transporter.
 10737 | Gauntlet | Found a transporter.
 10754 | Gauntlet | Found a transporter.
 10756 | Gauntlet | Found a transporter.
 10768 | Gauntlet | Noticed a hell hog
 10770 | Gauntlet | Found a transporter.
 10783 | Gauntlet | Found a transporter.
 10787 | Gauntlet | Found a transporter.
 10804 | Gauntlet | Noticed a sixfirhy
 10806 | Gauntlet | Noticed a sixfirhy
 10807 | Gauntlet | Found a transporter.
 10807 | Gauntlet | Noticed a sixfirhy
 10808 | Gauntlet | Noticed a sixfirhy
 10811 | Gauntlet | Found a transporter.
 10833 | Gauntlet | Found a transporter.
 10833 | Gauntlet | Found a transporter.
 10861 | Gauntlet | Found a transporter.
 10868 | Gauntlet | Found a transporter.
 10908 | Gauntlet | Noticed an oklob plant
 11179 | Gauntlet | Noticed a minotaur
 11186 | Gauntlet | Killed a minotaur
 11219 | D:11     | Noticed a two-headed ogre
 11224 | D:11     | Killed a two-headed ogre
 11235 | D:11     | Found Peasid's Weapon Boutique.
 11262 | D:11     | Noticed Josephine
 11279 | D:11     | Killed Josephine
 11284 | D:11     | Reached XP level 12. HP: 108/108 MP: 11/11
 11600 | D:11     | Found Banumileot's General Store.
 11685 | D:11     | Noticed a two-headed ogre
 11704 | D:11     | Killed a two-headed ogre
 11857 | D:11     | Found Iyhyg's Incredible Inventory.
 12006 | D:11     | Found Lacrydue's Weapon Shoppe.
 12121 | D:11     | Found Zacy's Antique Weapon Emporium.
 12393 | D:12     | Reached skill level 10 in Dodging
 12670 | D:12     | Noticed a seven-headed hydra
 12684 | D:12     | Killed a seven-headed hydra
 12693 | D:12     | Noticed an eight-headed hydra
 12708 | D:12     | Killed an eight-headed hydra
 12731 | D:12     | Found a runed translucent gate.
 12731 | D:12     | Found a runed translucent gate.
 12734 | D:12     | Found a runed translucent gate.
 12734 | D:12     | Noticed a white very ugly thing
 12737 | D:12     | Noticed a green very ugly thing
 12833 | D:12     | Noticed a boulder beetle
 12936 | D:12     | Noticed a two-headed ogre
 12949 | D:12     | Killed a two-headed ogre
 13215 | Lair:1   | Entered Level 1 of the Lair of Beasts
 13438 | Lair:1   | Noticed Nergalle
 13447 | Lair:1   | Killed Nergalle
 14370 | Lair:2   | Found a staircase to the Snake Pit.
 14474 | Lair:2   | Reached XP level 13. HP: 117/117 MP: 12/12
 14842 | Lair:2   | Found a staircase to the Swamp.
 16085 | D:8      | Bought a +0 broad axe for 64 gold pieces
 16295 | Lair:3   | Identified the +0 robe "Kumae" {rF+ Stlth+}
 16877 | Lair:4   | Reached skill level 10 in Shields
 18786 | Lair:5   | Found a viscous altar of Jiyva.
 18787 | Lair:5   | Found a staircase to the Slime Pits.
 18877 | Lair:6   | Entered Level 6 of the Lair of Beasts
 19135 | Lair:5   | Reached XP level 14. HP: 112/127 MP: 13/13
 19945 | Lair:6   | Received a gift from Trog
 21377 | D:11     | Bought a scroll of identify for 36 gold pieces
 21417 | D:11     | Bought a potion of ambrosia for 128 gold pieces
 21417 | D:11     | Bought a potion of curing for 48 gold pieces
 21417 | D:11     | Bought a potion of might for 64 gold pieces
 21417 | D:11     | Bought a potion of might for 64 gold pieces
 21417 | D:11     | Bought a potion of haste for 160 gold pieces
 22280 | D:13     | Found a gate to the Vaults.
 22595 | D:13     | Found a portal to a secret trove of treasure.
 22692 | D:14     | Reached XP level 15. HP: 134/137 MP: 4/14
 22838 | D:14     | Identified the +6 war axe of Omier {flame, +Rage rF+ Str+2
                  | Stlth+} (Trog gifted it to you on level 14 of the Dungeon)
 22838 | D:14     | Received a gift from Trog
 23311 | D:14     | Found a broken altar of Ashenzari.
 23700 | D:14     | Found a blossoming altar of Fedhas.
 23876 | D:15     | Entered Level 15 of the Dungeon
 24279 | D:15     | Found a staircase to the Depths.
 24294 | D:15     | Reached skill level 10 in Evocations
 24878 | Orc:1    | Entered Level 1 of the Orcish Mines
 25297 | Orc:2    | Entered Level 2 of the Orcish Mines
 26013 | Orc:2    | Received a gift from Trog
 26055 | Orc:2    | Found Radwoasy's Distillery.
 26057 | Orc:2    | Found Nuqoakud's General Store.
 26061 | Orc:2    | Found Vuumao's Antique Armour Shop.
 26061 | Orc:2    | Found Yxangy's Armour Boutique.
 26118 | Orc:2    | Bought a potion of curing for 45 gold pieces
 26118 | Orc:2    | Bought a potion of curing for 45 gold pieces
 26118 | Orc:2    | Bought a potion of curing for 45 gold pieces
 26118 | Orc:2    | Bought a potion of haste for 150 gold pieces
 26118 | Orc:2    | Bought a potion of curing for 45 gold pieces
 26118 | Orc:2    | Bought 2 potions of curing for 90 gold pieces
 26118 | Orc:2    | Bought a potion of heal wounds for 75 gold pieces
 26227 | Orc:2    | Found a staircase to the Elven Halls.
 26287 | Orc:2    | Gained mutation: Your body sometimes deteriorates upon
                  | taking damage. [a neqoxec]
 26289 | Orc:2    | Gained mutation: Armour fits poorly on your strangely
                  | shaped body. [a neqoxec]
 26990 | Orc:1    | Noticed Snorg
 26993 | Orc:1    | Noticed an orc warlord
 26999 | Orc:1    | Killed Snorg
 27022 | Orc:2    | Killed an orc warlord
 27100 | Orc:1    | Reached ****** piety under Trog
 27576 | Swamp:1  | Entered Level 1 of the Swamp
 28225 | Swamp:1  | Noticed Louise
 28240 | Swamp:1  | Killed Louise
 28240 | Swamp:1  | Identified the +10 hand axe "Vead" {antimagic, rF+ Will+
                  | Dex-2} (Trog gifted it to you on level 1 of the Swamp)
 28240 | Swamp:1  | Received a gift from Trog
 28618 | Swamp:2  | Reached XP level 16. HP: 89/147 MP: 15/15
 28966 | Swamp:2  | Demolished by a tyrant leech

Illustrated notes

Levels and vault maps discovered:
D:1:      amcnicky_arrival_double_pillar, layout_loops_ring,
          shapermc_ecumenical_altar_mp_ritualfount, chequers_decorated_corner
D:2:      layout_basic
D:3:      layout_rooms
D:4:      layout_rooms, nicolae_shop_self_help, uniq_eustachio,
          uniq_crazy_yiuf_cottage, uniq_ijyb, uniq_robin
D:5:      layout_loops_ring, nicolae_uskayaw_suspiria
D:6:      corexii_shantytown, layout_loops_ring,
          mainiacjoe_overflow_cross_hatched, minmay_temple_entry_ruins,
          corexii_shack, uniq_maggie
D:7:      cheibrodos_statue_roulette, layout_loops_ring, trog_wizard,
          uniq_joseph
D:8:      layout_cave_pools, nicolae_overflow_hidden_temple,
          mainiacjoe_overflow_large_starburst, serial_shops, shop
D:9:      layout_basic, gammafunk_temple_overflow_statue,
          mainiacjoe_overflow_swirl, minmay_orc_entry_guard_dogs,
          gammafunk_ghost_split
D:10:     layout_long_grid, mainiacjoe_overflow_24_doors, erik_lair_island
D:11:     layout_irregular_city, gauntlet_entry_generic, serial_shops,
          nicolae_shop_temple_entry_statues_fountains, nicolae_shop_trees,
          nicolae_stop_n_shop_2, nicolae_shop_behind_doors,
          nicolae_shop_crystal, nicolae_alphabet_shops, uniq_fannar,
          uniq_josephine
D:12:     layout_roguey, ploomutoo_gammafunk_ghost_potion_laboratory
D:13:     layout_gridville, hangedman_vaults_entry_quadrant_bands,
          enter_trove_2, st_stairs_4
D:14:     kennysheep_blocky_room, layout_irregular_city,
          cheibrodos_ashenzari_chains, portal_ice_cave_entry_ice_statue_two,
          fedhas_altar_4
D:15:     grunt_enter_depths_magical_seal, layout_stronghold,
          roderic_roman_lattice
Lair:1:   layout_hall_layers, uniq_nergalle
Lair:2:   layout_gridlike, nicolae_swamp_entry_splash_gauntlet,
          minmay_snake_entry_six_corridors, lemuel_old_faithful,
          serial_bayou_shore_b
Lair:3:   lemuel_ratsnest, layout_misc_corridors, minmay_lair_oklob_chamber,
          grunt_megastairs_5
Lair:4:   layout_regular_city, lemuel_fruit_tree, grunt_megastairs_2
Lair:5:   layout_cave_pods, dpeg_slime_entry_enclosed_altar,
          serial_bayou_pond_e, chequers_serial_rivers_micro_c,
          serial_bayou_shore_a
Lair:6:   evilmike_catoblepas_cave, layout_regular_city
Swamp:1:  layout_basic_swamp, evilmike_swamp_ruin_house_6,
          nicolae_swamp_super_fun_site, uniq_louise
Swamp:2:  layout_falls_marsh, hangedman_swamp_cone
Orc:1:    layout_diamond_mine, uniq_snorg
Orc:2:    st_orc_mages, layout_caves

Skill      XL: |  1  2  3  4  5  6  7  8  9 10 11 12 13 14 15 |
---------------+----------------------------------------------+-----
Axes           | 4 5 6 7 8 9 10 11 12 13 14 | 14.7
Fighting       | 4 5 6 7 9 10 11 12 13 14 | 14.7
Armour         | 3 4 5 6 7 8 9 10 11 12 13 14 | 14.6
Dodging        | 3 4 5 6 7 8 9 10 11 12 13 | 13.5
Evocations     | 1 3 4 6 7 8 9 10 | 10.4
Shields        | 3 5 7 9 10 11 12 | 12.9

Action                   |  1- 3 |  4- 6 |  7- 9 | 10-12 | 13-15 | 16-18 || total
-------------------------+-------+-------+-------+-------+-------+-------++-------
Melee: Hand axe          |    91 |    89 |   205 |       |       |       ||   385
       Headbutt          |     9 |    17 |    74 |   151 |   358 |     4 ||   613
       War axe           |       |       |    83 |   543 |   851 |    20 ||  1497
       Morningstar       |       |       |       |    10 |    28 |       ||    38
       Unarmed           |       |       |       |     5 |       |       ||     5
       Broad axe         |       |       |       |       |   430 |       ||   430
Invok: Berserk           |       |     5 |     5 |     7 |     2 |       ||    19
       Trog's Hand       |       |     1 |     3 |     6 |    11 |       ||    21
       Brothers in Arms  |       |       |       |     1 |     1 |       ||     2
Evoke: Wand              |       |     6 |     3 |     8 |    20 |       ||    37
  Use: Scroll            |       |       |     4 |     7 |    12 |       ||    23
       Potion            |       |       |       |     1 |     3 |     1 ||     5
 Stab: Paralysed         |       |       |       |     4 |     5 |       ||     9
       Petrified         |       |       |       |       |     5 |       ||     5
       Distracted        |       |       |       |       |     1 |       ||     1
Armor: Ring mail         |    50 |    24 |     9 |       |       |       ||    83
       Plate armour      |       |       |   155 |   281 |   527 |    12 ||   975
       Skin              |       |       |       |     2 |       |       ||     2
       Chain mail        |       |       |       |     1 |       |       ||     1
Dodge: Dodged            |    63 |    55 |   112 |   181 |   417 |    11 ||   839
Block: Kite shield       |       |       |    44 |   385 |  1067 |    34 ||  1530
       Reflection        |       |       |       |       |     9 |       ||     9
